 Dungeon Crawl Stone Soup version 0.31-a0-1206-g41278d8d1d (webtiles) character file.

Game seed: 5387212218044586012

132 Hubris850 the Prestidigitator (level 5, -6/43 HPs)
             Began as a Gnoll Wanderer on Dec 13, 2023.
             Was an Initiate of Nemelex Xobeh.
             Killed by divine providence
             ... invoked by an orc priest
              (16 damage)
             ... on level 3 of the Dungeon.
             The game lasted 00:05:42 (2536 turns).

Hubris850 the Prestidigitator (Gnoll Wanderer)      Turns: 2536, Time: 00:05:43

Health: -6/43      AC:  5    Str: 14    XL:     5   Next: 15%
Magic:  9/9        EV: 10    Int: 11    God:    Nemelex Xobeh [......]
Gold:   106        SH:  0    Dex: 11    Spells: 10/10 levels left

rFire   + . .        p - +2 short sword (speed)
rCold   . . .        (no shield)
rNeg    . . .        t - +0 ring mail {rF+}
rPois   .            (no helmet)
rElec   .            (no cloak)
rCorr   .            (no gloves)
SInv    .            (no boots)
Will    .....        l - amulet of magic regeneration
Stlth   +            (no ring)
HPRegen 0.27/turn    (no ring)
MPRegen 0.51/turn

%: no passive effects
@: no status effects
A: fangs 1, strong nose, distributed training
a: Renounce Religion, Draw Escape, Draw Destruction, Draw Summoning


You were on level 3 of the Dungeon.
You worshipped Nemelex Xobeh.
Nemelex Xobeh was noncommittal.
You visited 1 branch of the dungeon, and saw 3 of its levels.

You collected 106 gold pieces.

Inventory:

Hand Weapons
 a - a +1 spear
 b - a +0 sling of flaming
 p - a +2 short sword of speed (weapon)
Missiles
 w - 2 datura-tipped darts
Armour
 d - a +0 leather armour
 k - a +0 chain mail
 o - a +0 ring mail
 t - a +0 ring mail of fire resistance (worn)
Jewellery
 l - an amulet of magic regeneration (around neck)
Wands
 f - a wand of paralysis (8) (quivered)
Scrolls
 g - a scroll of enchant armour {unknown}
 h - 2 scrolls of revelation {unknown}
 j - a scroll of fear {unknown}
 n - a scroll of identify {unknown}
 q - a scroll of teleportation {unknown}
 s - 2 scrolls of enchant weapon {unknown}
 u - 3 scrolls of torment {unknown}
Potions
 c - 2 potions of lignification
 e - a potion of enlightenment {unknown}
 i - a potion of ambrosia {unknown}
 m - 2 potions of berserk rage {unknown}
 r - a potion of haste {unknown}
 v - a potion of invisibility {unknown}


   Skills:
 + Level 4.7 Fighting
 + Level 1.4 Short Blades
 + Level 1.4 Long Blades
 + Level 1.4 Axes
 + Level 1.4 Maces & Flails
 + Level 4.7 Polearms
 + Level 1.4 Staves
 + Level 1.4 Ranged Weapons
 + Level 1.4 Throwing
 + Level 1.4 Armour
 + Level 1.4 Dodging
 + Level 1.4 Stealth
 + Level 1.4 Shields
 + Level 1.4 Unarmed Combat
 + Level 3.1 Spellcasting
 + Level 1.1 Conjurations
 + Level 1.1 Hexes
 + Level 1.1 Summonings
 + Level 1.1 Necromancy
 + Level 1.1 Translocations
 + Level 1.1 Transmutations
 + Level 1.1 Fire Magic
 + Level 1.1 Ice Magic
 + Level 1.1 Air Magic
 + Level 1.1 Earth Magic
 + Level 1.1 Poison Magic
 + Level 1.5 Invocations
 + Level 10.5 Evocations
 + Level 1.2 Shapeshifting


You had 10 spell levels left.
You didn't know any spells.
Your spell library contained the following spells:

 Spells                   Type           Power      Damage    Failure   Level
 Foxfire                  Conj/Fire      16%        2x1d4     32%         1
 Plasma Beam              Fire/Air       2%         2x1d12    100%        6
 Starburst                Conj/Fire      2%         6d3       100%        6


Dungeon Overview and Level Annotations

Branches:
Dungeon (3/15)

Altars:
Nemelex Xobeh


Innate Abilities, Weirdness & Mutations

You have very sharp teeth.
Your uncanny sense of smell can sniff out nearby items.
Your experience applies equally to all skills.


Message History

There is an open door here.
Things that are here:
a +0 hand axe; a +0 leather armour You hit the orc wizard.
The orc wizard is lightly wounded.
The orc hits you with a +0 hand axe. The orc hits you with a +0 short sword.
The orc wizard hits you but does no damage.
You hit the orc wizard.
The orc wizard is moderately wounded.
You hit the orc wizard.
The orc wizard is moderately wounded.
The orc closely misses you. The orc hits you with a +0 short sword.
The orc wizard hits you with a +0 dagger.
You barely miss the orc wizard.
The orc wizard is moderately wounded.
The orc misses you.
The orc priest mumbles some strange prayers to Beogh against you.
Beogh smites you! The orc hits you with a +0 short sword.
The orc wizard gestures wildly while chanting.
The orc wizard flickers and vanishes!
Deactivating autopickup; reactivate with Ctrl-A.
You hit something. Your punch misses something. Your bite misses something.
You puncture something! You bite something. The orc barely misses you.
The orc hits you with a +0 short sword.
You hear some strange, mumbled words.
A puff of flame appears from out of thin air!
The puff of flame hits you. You resist.
You hit the orc. You bite the orc.
You kill the orc!
You hear some strange, mumbled words.
A puff of flame appears from out of thin air!
The puff of flame hits you. You resist.
* * * LOW HITPOINT WARNING * * *
You puncture the orc!
You kill the orc!
You closely miss the orc priest.
The orc priest mumbles some strange prayers to Beogh against you.
Beogh smites you!
You die...
Your body disappears without a glow.

##.# ##.##
#†##.###.# #.#
#.# #........#
##.## #.#
####.##### ....#
##+#
####.########
#.#.# #...#
#...........#
#...# .....#
#.#....####.#
..#.# ......#
#......# #.#
....##
.......##......##
#.# .....'.
......{o@.......#
#.# ....##.
.....?.##.......#
#.# .#### ......#
#.......# #.#
..#.# .....#
###.##..###.#
....# #...#
####......# ....#
##'# ##.#####
#...# #.##### #.#
....# #.....# #.#
.#..###
##.....########.#


You could see an orc priest.

Vanquished Creatures
  4 adders
  4 worms
  4 dart slugs
  4 orcs (D:3)
  2 endoplasms
  4 giant cockroaches
  5 goblins
  10 hobgoblins
  2 jackals (D:1)
  7 kobolds
  3 quokkas (D:1)
  11 ball pythons
  2 bats (D:3)
  4 frilled lizards
  6 rats
72 creatures vanquished.

Notes
Turn   | Place    | Note
-------+----------+-------------------------------------------
     0 | D:1      | Reached skill level 10 in Evocations
     0 | D:1      | Hubris850 the Gnoll Wanderer began the quest for the Orb.
     0 | D:1      | Hubris850 set off with the following items: a +1 spear, a
                  | wand of paralysis (8), a potion of lignification, a +0
                  | leather armour.
     0 | D:1      | Reached XP level 1. HP: 20/20 MP: 4/4
   135 | D:1      | Reached XP level 2. HP: 26/26 MP: 5/5
   256 | D:1      | You fall into a shaft and drop 1 floor!
   405 | D:2      | Reached XP level 3. HP: 31/31 MP: 7/7
   512 | D:2      | Reached skill level 1 in Invocations
   956 | D:1      | Reached skill level 1 in Short Blades
   956 | D:1      | Reached skill level 1 in Long Blades
   956 | D:1      | Reached skill level 1 in Axes
   956 | D:1      | Reached skill level 1 in Maces & Flails
   956 | D:1      | Reached skill level 1 in Staves
   956 | D:1      | Reached skill level 1 in Ranged Weapons
   956 | D:1      | Reached skill level 1 in Throwing
   956 | D:1      | Reached skill level 1 in Armour
   956 | D:1      | Reached skill level 1 in Dodging
   956 | D:1      | Reached skill level 1 in Stealth
   956 | D:1      | Reached skill level 1 in Shields
   956 | D:1      | Reached skill level 1 in Unarmed Combat
  1080 | D:1      | Reached XP level 4. HP: 38/38 MP: 8/8
  1090 | D:1      | Reached skill level 1 in Shapeshifting
  1687 | D:3      | Reached skill level 1 in Conjurations
  1687 | D:3      | Reached skill level 1 in Hexes
  1687 | D:3      | Reached skill level 1 in Summonings
  1687 | D:3      | Reached skill level 1 in Necromancy
  1687 | D:3      | Reached skill level 1 in Translocations
  1687 | D:3      | Reached skill level 1 in Transmutations
  1687 | D:3      | Reached skill level 1 in Fire Magic
  1687 | D:3      | Reached skill level 1 in Ice Magic
  1687 | D:3      | Reached skill level 1 in Air Magic
  1687 | D:3      | Reached skill level 1 in Earth Magic
  1687 | D:3      | Reached skill level 1 in Poison Magic
  2276 | D:3      | Reached XP level 5. HP: 39/43 MP: 9/9
  2319 | D:3      | Found a sparkling altar of Nemelex Xobeh.
  2335 | D:3      | Became a worshipper of Nemelex Xobeh the Trickster
  2536 | D:3      | Killed from afar by an orc priest

Illustrated notes

Levels and vault maps discovered:
D:1:      dpeg_arrival_simpleton_c, layout_basic, serial_forest,
          infiniplex_forest_lined_3, infiniplex_forest_lined_room_3,
          infiniplex_forest_lined_ring, infiniplex_forest_end_2,
          infiniplex_forest_clump_small, infiniplex_forest_clump_small,
          infiniplex_forest_clump_double, infiniplex_forest_lined_1,
          minmay_tetromino_t2
D:2:      layout_basic
D:3:      layout_loops_corners, mainiacjoe_overflow_brackets,
          minmay_increasing_density

Skill      XL: |  1  2  3  4 |
---------------+-------------+-----
Evocations     | | 10.5
Invocations    | 1 |  1.5
Short Blades   | 1 |  1.4
Long Blades    | 1 |  1.4
Axes           | 1 |  1.4
Maces & Flails | 1 |  1.4
Staves         | 1 |  1.4
Ranged Weapons | 1 |  1.4
Throwing       | 1 |  1.4
Armour         | 1 |  1.4
Dodging        | 1 |  1.4
Stealth        | 1 |  1.4
Shields        | 1 |  1.4
Unarmed Combat | 1 |  1.4
Shapeshifting  | 1 |  1.2
Spellcasting   | 3 |  3.1
Conjurations   | 1 |  1.1
Hexes          | 1 |  1.1
Summonings     | 1 |  1.1
Necromancy     | 1 |  1.1
Translocations | 1 |  1.1
Transmutations | 1 |  1.1
Fire Magic     | 1 |  1.1
Ice Magic      | 1 |  1.1
Air Magic      | 1 |  1.1
Earth Magic    | 1 |  1.1
Poison Magic   | 1 |  1.1
Fighting       | |  4.7
Polearms       | |  4.7

Action                     |  1- 3 |  4- 6 || total
---------------------------+-------+-------++-------
  Melee: Spear             |   107 |       ||   107
         Bite              |    17 |    14 ||    31
         Punch             |     3 |     1 ||     4
         Short sword       |    33 |   129 ||   162
   Fire: Sling             |     5 |       ||     5
 Armour: Leather armour    |    14 |       ||    14
         Chain mail        |    23 |       ||    23
         Ring mail         |    16 |    61 ||    77
  Dodge: Dodged            |    48 |    45 ||    93

Table legend: (Time is in decaauts)
 A = Elapsed time spent in this place.
 B = Non-inter-level travel time spent in this place.
 C = Inter-level travel time spent in this place.
 D = Time resting spent in this place.
 E = Time spent auto-exploring this place.
 F = Levels seen in this place.
 G = Mean time per level.
                   A        B        C        D        E       F      G
               +--------+--------+--------+--------+--------+-----+--------+
         Total |   2463 |   2390 |     73 |      6 |   1904 |   3 |  821.0 |
       Dungeon |   2463 |   2390 |     73 |      6 |   1904 |   3 |  821.0 |
               +--------+--------+--------+--------+--------+-----+--------+

Top non-repeatable levels by time:
     D:3: 889 daAuts
     D:1: 874 daAuts
     D:2: 699 daAuts
